 Dungeon Crawl Stone Soup version 0.22-a0-596-gfbd32a6 (webtiles) character file.

10287 Gildeon the Thaumaturge (level 11, -4/57 HPs)
             Began as a Deep Elf Air Elementalist on July 5, 2018.
             Was an Elder of Sif Muna.
             Slain by a komodo dragon (20 damage)
             ... on level 2 of the Lair of Beasts.
             The game lasted 01:34:12 (14530 turns).

Gildeon the Thaumaturge (DEAE)                     Turns: 14530, Time: 01:34:13

Health: -4/57      AC: 10    Str:  5    XL:     11   Next: 34%
Magic:  3/27       EV: 15    Int: 24    God:    Sif Muna [****..]
Gold:   638        SH:  3    Dex: 18    Spells: 2/30 levels left

rFire    . . .     SeeInvis +   e - +1 dagger (venom)
rCold    . . .     Gourm    .   (no shield)
rNeg     . . .     Faith    .   u - +0 steam dragon scales
rPois    .         Spirit   .   n - +0 helmet
rElec    .         Reflect  +   (no cloak)
rCorr    .         Harm     .   b - +2 pair of gloves
MR       +....                  q - +0 pair of boots
Stlth    ++++......             m - +3 amulet of reflection
HPRegen  0.19/turn              g - ring of see invisible
MPRegen  0.20/turn              s - +3 ring of dexterity

@: no status effects
A: talons 1, sense surroundings 1, screaming 1
a: Divine Energy, Channel Magic, Forget Spell, Renounce Religion


You were on level 2 of the Lair of Beasts.
You worshipped Sif Muna.
Sif Muna was greatly pleased with you.
You were not hungry.

You visited 3 branches of the dungeon, and saw 12 of its levels.

You collected 638 gold pieces.

Inventory:

Hand Weapons
 e - a +1 dagger of venom (weapon)
 h - a +1 dagger of holy wrath
 t - a +3 dagger
 v - a +1 dagger of freezing
Armour
 a - a +2 robe
 b - a +2 pair of gloves (worn)
 n - a +0 helmet (worn)
 o - a +3 leather armour of poison resistance
 q - a +0 pair of boots (worn)
 u - +0 steam dragon scales (worn)
Jewellery
 g - a ring of see invisible (left hand)
 m - a +3 amulet of reflection (around neck)
 s - a +3 ring of dexterity (right hand)
Wands
 i - a wand of random effects (8)
 k - a wand of acid (7)
 y - a wand of polymorph (9)
Scrolls
 d - a scroll of fog
 f - 12 scrolls of remove curse
 l - a scroll of acquirement
Potions
 j - 2 potions of curing
 p - a potion of flight
 r - a potion of agility
 x - a potion of cancellation {unknown}
 A - 2 potions of haste
Comestibles
 c - 14 rations


   Skills:
 - Level 2.0 Fighting
 - Level 2.0 Short Blades
 - Level 2.0 Armour
 - Level 5.1 Dodging
 + Level 8.8 Stealth
 - Level 10.0 Spellcasting
 + Level 9.9 Conjurations
 - Level 5.0 Charms
 + Level 9.6 Air Magic
 - Level 3.0 Invocations
 - Level 3.0 Evocations


You had 2 spell levels left.
You knew the following spells:

 Your Spells              Type           Power        Failure   Level  Hunger
a - Shock                 Conj/Air       ####         1%          1    None
b - Swiftness             Chrm/Air       #####...     1%          2    None
c - Static Discharge      Conj/Air       ######..     1%          3    None
d - Airstrike             Air            ######....   1%          4    #......
e - Lightning Bolt        Conj/Air       ######....   2%          5    ####...
f - Conjure Flame         Conj/Fire      #####...     1%          3    None
g - Bolt of Fire          Conj/Fire      #####.....   71%         6    ######.
h - Throw Icicle          Conj/Ice       #####...     7%          4    #......

Your spell library contained the following spells:

 Spells                   Type           Power        Failure   Level  Hunger
 Apportation              Tloc           ##....       5%          1    None
 Venom Bolt               Conj/Pois      #####.....   19%         5    ####...
 Summon Small Mammal      Summ           ##..         5%          1    None
 Animate Skeleton         Necr           N/A          5%          1    None
 Vampiric Draining        Necr           ##........   16%         3    None
 Confusing Touch          Hex            ##....       5%          1    None
 Disjunction              Tloc           ##........   100%        8    #######
 Iskenderun's Battlesphe  Conj/Chrm      #####...     7%          5    ####...
 Infusion                 Chrm           ####         1%          1    None
 Spectral Weapon          Hex/Chrm       ###.....     5%          3    None
 Searing Ray              Conj           ######       1%          2    None
 Summon Forest            Summ/Tloc      ##........   82%         5    ####...


Dungeon Overview and Level Annotations

Branches:
Dungeon (9/15)             Temple (1/1) D:4            Lair (2/6) D:8
  Swamp: Lair:2-4    Shoals: Lair:2-4     Snake: Lair:2-4    Spider: Lair:2-4
    Orc: D:9-12

Altars:
Ashenzari
Cheibriados
Dithmenos
Elyvilon
Fedhas
Gozag
Hepliaklqana
Kikubaaqudgha
Makhleb
Nemelex Xobeh
Okawaru
Qazlal
Ru
Sif Muna
Trog
Uskayaw
Vehumet
Wu Jian
Xom
Yredelemnul
Zin
The Shining One


Innate Abilities, Weirdness & Mutations

You have sharp toenails.
You passively map a small area around you.
You occasionally shout uncontrollably at your foes.


Message History

The komodo dragon bites you but does no damage.
Casting: Throw Icicle (safe; 7% risk of failure)
Confirm with . or Enter, or press ? or * to list all spells.
You don't have enough magic to cast that spell.
Unknown command.
You hit the komodo dragon but do no damage.
The komodo dragon is poisoned.
The komodo dragon is severely wounded.
The komodo dragon barely misses you.
You hit the komodo dragon but do no damage.
The komodo dragon is severely wounded.
The komodo dragon closely misses you.
You hit the komodo dragon but do no damage.
The komodo dragon looks as sick as possible!
The komodo dragon is severely wounded.
You hit the komodo dragon but do no damage.
The komodo dragon looks as sick as possible!
The komodo dragon is almost dead.
The komodo dragon bites you!!
You die...

, * * , ..##........ *
#..#......... , , , ,
#####......... .# ,
#...........#,... #,
###....P##..P#...P, #P,
#.................
#.####................
..###...#................?
, , ,
..PP#.P..#....@l..........
..........................
......###................
. #...#..........$........
,
..#........≈≈≈≈≈....).....
.........#.≈≈≈≈≈..........
..#........≈≈≈≈≈..........
....P......≈≈≈≈≈.........,
..#.#....#........ ,


You could see a komodo dragon.

Vanquished Creatures
  A two-headed ogre (D:7)
  Sonja (Lair:1)
  Pikel (D:9)
  5 elephants (Lair:1)
  2 spiny frogs
  A komodo dragon (Lair:1)
  A troll (D:9)
  2 hippogriffs
  A spriggan (D:8)
  A steam dragon (Lair:1)
  A hungry ghost (D:5)
  2 hell hounds (D:8)
  5 water moccasins
  A porcupine (Lair:1)
  2 sky beasts
  A black bear (D:9)
  4 orc warriors
  4 slaves (D:9)
  3 ogres
  2 phantoms
  3 centaurs
  A crocodile (Lair:1)
  Blork the orc (D:4)
  A gnoll sergeant (D:8)
  3 bullfrogs
  A water moccasin zombie (D:3)
  A water moccasin skeleton (D:5)
  17 killer bees
  4 wights (D:6)
  3 howler monkeys (D:8)
  A crimson imp (D:7)
  2 quasits
  A centaur skeleton (D:8)
  3 jellies
  9 orc priests
  6 hounds
  2 iguanas (D:6)
  6 orc wizards
  8 worker ants
  2 hound zombies
  A hound skeleton (D:6)
  Robin (D:4)
  A worker ant zombie (D:8)
  8 gnolls
  A howler monkey skeleton (D:8)
  16 adders
  A shadow imp (D:5)
  3 adder skeletons
  2 adder zombies
  3 worms (D:2)
  2 dart slugs
  6 leopard geckos
  28 orcs
  6 giant cockroaches
  18 goblins
  15 hobgoblins
  8 jackals
  7 quokkas
  4 ball pythons
  4 bats
  13 frilled lizards
  11 kobolds
  A quokka skeleton (D:8)
  11 rats
287 creatures vanquished.

Vanquished Creatures (others)
  A fungus (Lair:1)
1 creature vanquished.

Grand Total: 288 creatures vanquished

Notes
Turn   | Place    | Note
-------+----------+-------------------------------------------
     0 | D:1      | Gildeon the Deep Elf Air Elementalist began the quest for the Orb.
     0 | D:1      | Reached XP level 1. HP: 10/10 MP: 6/6
   201 | D:1      | Reached XP level 2. HP: 15/15 MP: 4/8
   208 | D:1      | Learned a level 2 spell: Swiftness
   624 | D:1      | Reached XP level 3. HP: 17/19 MP: 5/10
   639 | D:1      | Learned a level 3 spell: Static Discharge
  1161 | D:2      | Reached skill level 4 in Spellcasting
  1295 | D:2      | Reached XP level 4. HP: 21/24 MP: 6/12
  1301 | D:2      | Learned a level 4 spell: Airstrike
  1551 | D:2      | Found a faded altar of an unknown god.
  2099 | D:3      | Found a hazy altar of Hepliaklqana.
  2120 | D:3      | Reached skill level 5 in Spellcasting
  2120 | D:3      | Reached XP level 5. HP: 17/28 MP: 0/14
  2317 | D:3      | Found a deep blue altar of Sif Muna.
  2325 | D:3      | Became a worshipper of Sif Muna the Loreminder
  2473 | D:3      | Found a shattered altar of Ashenzari.
  2824 | D:3      | Reached XP level 6. HP: 15/32 MP: 2/15
  3137 | D:3      | Learned a level 5 spell: Lightning Bolt
  3456 | D:4      | Found a staircase to the Ecumenical Temple.
  3463 | Temple   | Entered the Ecumenical Temple
  3657 | D:4      | Reached skill level 1 in Invocations
  3803 | D:4      | Gained mutation: You occasionally shout uncontrollably at your foes. [potion of mutation]
  3803 | D:4      | Gained mutation: You evolve. [potion of mutation]
  3876 | D:4      | Reached skill level 5 in Air Magic
  4024 | D:4      | Noticed Robin
  4034 | D:4      | Killed Robin
  4291 | D:4      | Noticed Blork the orc
  4302 | D:4      | Reached skill level 1 in Charms
  4302 | D:4      | Reached skill level 1 in Evocations
  4302 | D:4      | Reached XP level 7. HP: 18/36 MP: 1/16
  4322 | D:4      | HP: 1/36 [Blork the orc/magic dart (2)]
  4325 | D:4      | Killed Blork the orc
  4422 | D:4      | Gained mutation: You sometimes yell uncontrollably at your foes. [evolution]
  4803 | D:4      | Reached skill level 1 in Short Blades
  4865 | D:5      | Entered Level 5 of the Dungeon
  4931 | D:5      | Reached skill level 5 in Conjurations
  4932 | D:5      | Reached skill level 5 in Stealth
  5349 | D:5      | Reached skill level 1 in Fighting
  5484 | D:5      | Reached XP level 8. HP: 29/43 MP: 18/18
  5670 | D:5      | Noticed a two-headed ogre
  5788 | D:5      | Reached * piety under Sif Muna
  5788 | D:5      | Reached skill level 6 in Spellcasting
  5813 | D:6      | Reached skill level 1 in Armour
  6503 | D:6      | Reached skill level 5 in Charms
  6712 | D:6      | Reached skill level 5 in Dodging
  6712 | D:6      | Reached skill level 7 in Spellcasting
  7147 | D:7      | Reached XP level 9. HP: 27/47 MP: 12/22
  7250 | D:7      | Reached ** piety under Sif Muna
  7382 | D:7      | Gained mutation: You have sharp toenails. [evolution]
  7868 | D:7      | Reached skill level 8 in Spellcasting
  8118 | D:7      | Found a shimmering altar of Xom.
  8826 | D:8      | Noticed a two-headed ogre
  9456 | D:8      | Reached skill level 9 in Spellcasting
  9601 | D:8      | Reached *** piety under Sif Muna
  9686 | D:8      | Gained mutation: You passively map a small area around you. [evolution]
  9901 | D:8      | Reached XP level 10. HP: 48/53 MP: 23/25
 10530 | D:9      | Noticed Pikel
 10547 | D:9      | Killed Pikel
 10567 | D:9      | Noticed a two-headed ogre
 10719 | D:9      | Reached skill level 10 in Spellcasting
 10743 | D:9      | Reached **** piety under Sif Muna
 10880 | D:8      | Found an ornate altar of the Wu Jian Council.
 11009 | D:8      | Found a staircase to the Lair.
 11389 | D:5      | Found a glowing golden altar of the Shining One.
 11391 | D:5      | Found a shimmering altar of Xom.
 11396 | D:5      | Found a white marble altar of Elyvilon.
 11949 | D:7      | Killed a two-headed ogre
 12562 | Lair:1   | Entered Level 1 of the Lair of Beasts
 12563 | Lair:1   | Noticed an elephant
 12565 | Lair:1   | Noticed an elephant
 12662 | D:8      | Lost mutation: You sometimes yell uncontrollably at your foes. [evolution]
 12662 | D:8      | Lost mutation: You evolve. [end of evolution]
 12747 | Lair:1   | Noticed an elephant
 12747 | Lair:1   | Noticed an elephant
 12748 | Lair:1   | Noticed an elephant
 12895 | Lair:1   | Noticed a spiny frog
 12900 | Lair:1   | Killed a spiny frog
 13139 | Lair:1   | Killed an elephant
 13157 | Lair:1   | Killed an elephant
 13159 | Lair:1   | Killed an elephant
 13159 | Lair:1   | Reached XP level 11. HP: 21/57 MP: 17/27
 13915 | Lair:1   | Noticed Sonja
 13921 | Lair:1   | Killed Sonja
 14437 | Lair:2   | Identified 3 scrolls of acquirement
 14437 | Lair:2   | Identified the Compendium of Talismans and Evil Arts (You acquired it on level 2 of the Lair of Beasts)
 14439 | Lair:2   | Identified the Almanac of Dislocated Conjuration (You acquired it on level 2 of the Lair of Beasts)
 14445 | Lair:2   | Learned a level 3 spell: Conjure Flame
 14450 | Lair:2   | Learned a level 4 spell: Throw Icicle
 14457 | Lair:2   | Learned a level 6 spell: Bolt of Fire
 14530 | Lair:2   | Slain by a komodo dragon

Vault maps used:
D:1:      saegor_arrival_simple_b, st_stairs_3, minmay_tripent
D:2:      chequers_ecumenical_altar_lobes
D:3:      nicolae_overflow_crystal_walls, led_sif_pool,
          nicolae_ashenzari_panopticon
D:4:      temple_green, hex_medium, uniq_blork_the_orc, uniq_robin
D:5:      minmay_thick_lines, minitemple, first_ration
D:7:      basic_altar, st_stairs_3
D:8:      lemuel_doored_altar, minmay_lair_entry_lava, the_bakery
D:9:      serial_bayou_pond_e, eino_tiny_chamber, uniq_pikel
Temple:   eino_temple_rhombus
Lair:1:   grunt_megastairs_5, uniq_sonja
Lair:2:   uniq_harold

Skill      XL: |  1  2  3  4  5  6  7  8  9 10 11 |
---------------+----------------------------------+-----
Conjurations   | 2 3 4 5 7 9 |  9.9
Spellcasting   | 4 5 7 9 10 | 10.0
Air Magic      | 4 5 7 9 |  9.6
Stealth        | 3 4 5 7 8 |  8.8
Invocations    | 1 2 3 |  3.0
Charms         | 1 4 5 |  5.0
Evocations     | 1 2 3 |  3.0
Short Blades   | 1 2 |  2.0
Dodging        | 3 5 |  5.1
Fighting       | 1 2 |  2.0
Armour         | 1 2 |  2.0

Action                   |  1- 3 |  4- 6 |  7- 9 | 10-12 || total
-------------------------+-------+-------+-------+-------++-------
Melee: Unarmed           |     3 |       |       |       ||     3
       Dagger            |    23 |    97 |   195 |   117 ||   432
 Cast: Shock             |    59 |   135 |   190 |   109 ||   493
       Swiftness         |       |     2 |     4 |     4 ||    10
       Static Discharge  |       |     1 |    24 |    18 ||    43
       Airstrike         |       |       |     5 |    29 ||    34
       Lightning Bolt    |       |       |       |     2 ||     2
       Throw Icicle      |       |       |       |     4 ||     4
Evoke: Wand              |       |     1 |    16 |    15 ||    32
  Use: Scroll            |     5 |     7 |     8 |     8 ||    28
       Potion            |       |     1 |     8 |     1 ||    10
 Stab: Sleeping          |     5 |     7 |     7 |     6 ||    25
       Distracted        |       |     1 |     1 |       ||     2
  Eat: Chunk             |     1 |     4 |     4 |     2 ||    11
       Ration            |       |     2 |     4 |     4 ||    10
Armor: Robe              |     6 |    18 |    36 |       ||    60
       Leather armour    |       |       |    55 |    64 ||   119
       Steam dragon scal |       |       |       |     4 ||     4
Dodge: Dodged            |    29 |    82 |   262 |   162 ||   535
Block: Other             |       |       |    36 |    15 ||    51
       Reflection        |       |       |     1 |       ||     1

Table legend:
 A = Spawn XP
 B = Non-spawn XP
 C = Spawn XP percentage of total XP
 D = Spawn monster count
 E = Non-spawn monster count
 F = Spawn count percentage of total count
 G = Total turns spent on level
                    A         B        C        D         E        F      G
               +---------+---------+-------+---------+---------+-------+---------
         Total |       0 |   14696 |   0.0 |       0 |     283 |   0.0 | 14530
               +---------+---------+-------+---------+---------+-------+---------
           D:1 |       0 |      52 |   0.0 |       0 |      32 |   0.0 |  1041
           D:2 |       0 |     107 |   0.0 |       0 |      33 |   0.0 |  1012
           D:3 |       0 |     303 |   0.0 |       0 |      33 |   0.0 |  1262
           D:4 |       0 |     520 |   0.0 |       0 |      27 |   0.0 |  1429
           D:5 |       0 |     679 |   0.0 |       0 |      22 |   0.0 |  1445
           D:6 |       0 |    1185 |   0.0 |       0 |      31 |   0.0 |  1596
           D:7 |       0 |    2474 |   0.0 |       0 |      35 |   0.0 |  2542
           D:8 |       0 |    1764 |   0.0 |       0 |      33 |   0.0 |  1549
           D:9 |       0 |    1913 |   0.0 |       0 |      19 |   0.0 |   745
        Lair:1 |       0 |    5172 |   0.0 |       0 |      16 |   0.0 |  1679
        Lair:2 |       0 |     527 |   0.0 |       0 |       2 |   0.0 |   109
               +---------+---------+-------+---------+---------+-------+---------
